Map: New Gettysburg LE

Players

Mayki

  • Race: Protoss Protoss
  • League: Diamond

Anansi - Winner!

  • Race: Zerg Zerg
  • League: Master

VOD

Have the link to the VOD?

Description

Time

  • Played on: Oct. 13, 2016, 9:12 p.m.
  • Length: 14:34
Show
View Real Time Build Order
Export as new Build Order

Mayki Protoss 

Build Orders: 1 Gate Expand 

Get SALT Encoding   

  12  0:01  Probe (Chrono Boost)  
  13  0:11  Probe (Chrono Boost)  
  14  0:22  Pylon  
  14  0:23  Probe (Chrono Boost)  
  15  0:40  Probe (Chrono Boost)  
  16  0:45  Gateway  
  16  0:51  Probe (Chrono Boost)  
  16  0:56  Assimilator  
  17  1:01  Probe (Chrono Boost)  
  18  1:12  Probe (Chrono Boost)  
  19  1:22  Probe (Chrono Boost)  
  20  1:33  Nexus  
  20  1:36  Probe (Chrono Boost)  
  21  1:48  Cybernetics Core  
  21  1:49  Probe (Chrono Boost)  
  22  2:00  Probe (Chrono Boost)  
  22  2:09  Pylon  
  22  2:12  Probe (Chrono Boost)  
  23  2:19  Assimilator  
  23  2:26  Warp Gate  
  23  2:29  Mothership Core (Chrono Boost)  
  25  2:46  Probe (Chrono Boost)  
  25  2:48  Probe (Chrono Boost)  
  27  2:58  Probe x2 (Chrono Boost)  
  29  3:05  Gateway  
  29  3:06  Gateway  
  29  3:08  Probe (Chrono Boost)  
  29  3:09  Adept, Forge  
  32  3:13  Probe (Chrono Boost)  
  32  3:19  Probe (Chrono Boost)  
  33  3:23  Probe (Chrono Boost)  
  34  3:29  Probe (Chrono Boost)  
  34  3:34  Probe (Chrono Boost)  
  36  3:40  Probe (Chrono Boost)  
  37  3:43  Adept  
  39  4:07  Pylon  
  39  4:08  Pylon  
  41  4:10  Adept  
  43  4:20  Pylon  
  43  4:21  Pylon  
  43  4:23  Pylon  
  45  4:35  Gateway x2  
  45  4:41  Pylon  
  45  4:48  Pylon, Adept  
  45  4:58  Gateway  
  45  5:04  Pylon  
  45  5:06  Probe x2 (Chrono Boost)  
  47  5:07  Pylon  
  47  5:13  Assimilator  
  47  5:15  Assimilator, Sentry  
  47  5:17  Probe x2 (Chrono Boost)  
  47  5:20  Stalker  
  49  5:27  Probe (Chrono Boost)  
  48  5:36  Pylon  
  48  5:38  Probe (Chrono Boost)  
  49  5:43  Probe (Chrono Boost)  
  49  5:49  Probe (Chrono Boost)  
  51  5:52  Twilight Council  
  51  5:54  Probe (Chrono Boost)  
  51  5:55  Robotics Facility  
  52  5:59  Probe (Chrono Boost)  
  52  6:01  Sentry x4  
  61  6:09  Probe (Chrono Boost)  
  61  6:10  Probe (Chrono Boost)  
  63  6:20  Probe (Chrono Boost)  
  63  6:21  Adept  
  63  6:24  Adept x2  
  63  6:25  Adept  
  72  6:28  Adept  
  74  6:41  Pylon  
  74  6:44  Adept  
  74  6:45  Adept  
  78  6:52  Pylon  
  78  6:54  Charge  
  78  6:59  Dark Shrine  
  78  7:00  Immortal  
  82  7:06  Pylon  
  82  7:10  Adept  
  82  7:11  Adept x2  
  82  7:12  Adept  
  90  7:28  Stalker  
  92  7:43  Stalker  
  92  7:44  Stalker x3  
  86  8:07  Zealot  
  86  8:08  Zealot, Adept x2  
  86  8:09  Adept  
  73  8:30  Adept x3  
  73  8:31  Adept x2  
  73  8:32  Immortal  
  61  8:52  Sentry x3  
  61  8:54  Stalker  
  61  8:56  Stalker  
  61  9:06  Probe x2 (Chrono Boost)  
  63  9:16  Sentry  
  63  9:17  Sentry, Mothership Core (Chrono Boost)  
  71  9:18  Adept  
  71  9:19  Adept x2, Nexus  
  71  9:21  Pylon  
  71  9:22  Warp Prism  
  77  9:56  Dark Templar x2  
  81  10:04  Dark Templar  
  83  10:09  Immortal  
  87  10:15  Zealot  
  87  10:16  Adept  
  87  10:39  Robotics Bay  
  87  10:43  Probe x2 (Chrono Boost)  
  87  10:45  Probe (Chrono Boost)  
  87  10:49  Pylon  
  90  10:52  Pylon  
  90  10:54  Assimilator, Probe x2 (Chrono Boost)  
  90  10:55  Probe (Chrono Boost)  
  90  10:56  Dark Templar x2  
  93  10:57  Dark Templar  
  93  10:58  Assimilator  
  95  11:04  Probe x2 (Chrono Boost)  
  95  11:06  Probe (Chrono Boost)  
  96  11:15  Dark Templar  
  96  11:16  Dark Templar  
  100  11:22  Immortal  
  91  11:47  Probe (Chrono Boost)  
  91  11:48  Probe x2 (Chrono Boost)  
  91  11:49  Zealot x4  
  91  11:50  Zealot  
  102  11:58  Probe (Chrono Boost)  
  102  12:01  Gateway  
  101  12:05  Nexus  
  101  12:10  Gateway  
  101  12:11  Gateway  
  101  12:12  Gateway  
  101  12:15  Gateway  
  101  12:17  Zealot x3  
  101  12:18  Zealot x2  
  111  12:34  Pylon  
  111  12:36  Pylon  
  111  12:38  Observer  
  111  12:40  Assimilator  
  111  12:43  Assimilator  
  96  12:59  Disruptor  
  85  13:11  Zealot  
  85  13:12  Zealot x3  
  75  13:13  Zealot  
  79  13:27  Pylon x2  
  71  13:35  Disruptor  
  71  13:37  Forge  
  71  13:39  Probe x4 (Chrono Boost)  
  71  13:41  Dark Templar x4, Forge  
  80  13:45  Archon x2  
  84  13:49  Probe (Chrono Boost)  
  84  13:52  Adept x2  
  84  13:54  Sentry  
  75  14:10  Probe x3 (Chrono Boost)  
  75  14:11  Probe (Chrono Boost)  
  67  14:21  Probe x2 (Chrono Boost)  
Show
View Real Time Build Order
Export as new Build Order

Anansi Zerg - Winner!

Build Orders: Hatch First 

Get SALT Encoding   

  12  0:01  Drone  
  13  0:13  Overlord  
  13  0:18  Drone  
  14  0:32  Drone x2  
  16  0:36  Drone  
  17  0:59  Hatchery  
  17  1:02  Drone  
  17  1:03  Drone  
  18  1:10  Extractor  
  17  1:18  Spawning Pool  
  16  1:19  Drone  
  16  1:21  Drone  
  18  1:30  Drone  
  19  1:43  Overlord  
  19  1:55  Drone  
  20  2:07  Queen  
  22  2:09  Zergling x2  
  22  2:10  Metabolic Boost  
  22  2:11  Queen  
  22  2:13  Zergling x2  
  26  2:15  Drone  
  26  2:22  Drone  
  28  2:24  Drone  
  29  2:31  Roach Warren  
  29  2:34  Drone  
  29  2:37  Drone  
  30  2:48  Drone x2  
  32  2:56  Overlord  
  32  2:58  Overlord  
  32  3:18  Roach  
  32  3:19  Roach x5  
  44  3:23  Overlord  
  44  3:26  Zergling x2  
  45  3:27  Zergling x2  
  46  3:37  Zergling x4  
  46  3:49  Zergling x4  
  48  3:58  Overlord  
  48  3:59  Zergling x2  
  48  4:02  Zergling x2  
  50  4:03  Zergling x10  
  50  4:05  Ravager x2  
  55  4:26  Zergling x2  
  55  4:27  Zergling x6  
  57  4:33  Zergling x2  
  57  4:34  Zergling x14  
  47  4:54  Zergling x4  
  47  4:55  Zergling x4  
  47  4:58  Lair  
  47  4:59  Extractor  
  50  5:03  Extractor, Drone  
  50  5:04  Drone x5  
  51  5:18  Drone x3  
  49  5:27  Drone  
  44  5:32  Drone x3  
  44  5:33  Drone  
  42  5:38  Hatchery  
  41  5:45  Evolution Chamber  
  41  5:47  Evolution Chamber  
  39  5:51  Drone x2  
  39  5:52  Drone  
  42  5:57  Glial Reconstitution  
  42  6:02  Overseer  
  42  6:05  Overseer  
  42  6:10  Zerg Ground Armor Level 1  
  42  6:13  Zerg Missile Weapons Level 1  
  42  6:16  Roach  
  44  6:20  Roach  
  46  6:26  Roach x2  
  46  6:30  Roach  
  52  6:33  Roach  
  52  6:35  Drone x4  
  58  6:41  Roach x2  
  58  6:43  Roach  
  64  6:49  Roach x2  
  68  6:59  Roach  
  68  7:00  Roach x2  
  74  7:06  Overlord x2  
  73  7:28  Roach  
  73  7:29  Roach x6  
  83  7:39  Roach x2  
  85  7:49  Roach  
  85  7:50  Roach x5  
  83  7:59  Roach x2  
  82  8:06  Roach x2  
  79  8:16  Roach x2  
  79  8:19  Roach x3  
  83  8:29  Roach x2  
  77  8:47  Roach  
  77  8:48  Roach x3  
  85  8:53  Drone  
  85  8:54  Queen x2, Drone x2  
  90  8:57  Overlord  
  88  9:21  Overlord x2  
  86  9:24  Zerg Ground Armor Level 2  
  86  9:28  Zergling x10  
  92  9:31  Zergling x8  
  92  9:38  Zerg Missile Weapons Level 2  
  95  9:40  Overlord  
  95  9:57  Drone x3  
  95  9:58  Hydralisk Den, Drone x4  
  101  10:02  Overlord  
  101  10:03  Overlord  
  101  10:07  Ravager  
  102  10:08  Ravager  
  102  10:16  Roach x2  
  102  10:17  Roach  
  108  10:25  Roach x2  
  103  10:43  Drone  
  103  10:44  Drone x8  
  110  11:04  Drone x3  
  110  11:05  Extractor x2  
  110  11:06  Drone x3  
  113  11:16  Infestation Pit  
  112  11:19  Roach x3  
  112  11:21  Hatchery  
  117  11:36  Overseer  
  108  11:44  Drone  
  108  11:45  Drone x11  
  112  12:07  Hydralisk x4  
  120  12:10  Hive  
  118  12:19  Hydralisk  
  118  12:20  Hydralisk x2  
  124  12:30  Hydralisk Den  
  123  12:39  Roach  
  123  12:40  Roach x7  
  135  12:45  Overlord x2  
  117  13:08  Hydralisk  
  117  13:09  Hydralisk x5  
  122  13:52  Roach Warren  
  122  13:53  Hatchery  
  120  13:59  Hatchery  
  109  14:04  Hydralisk x4  
Tags
 
Add a new tag
Caveats
  • Supply blocks, unpowered buildings, or Contaminate may cause inaccurate times.
  • Supply counts are checked every 10 seconds.